[Event "*** SCC Grand Prix: Titled Tuesday Blitz"]
[Site "Chess.com"]
[Date "2020.07.14"]
[Round "4"]
[White "Aguiar94"]
[Black "LyonBeast"]
[Result "0-1"]
[WhiteElo "2543"]
[BlackElo "3020"]
[TimeControl "180+1"]
[EndTime "10:38:22 PDT"]
[Termination "LyonBeast won by resignation"]

1. e4 d5 2. exd5 Nf6 3. Nf3 Qxd5 4. d4 Bg4 5. Be2 Nc6 6. h3 Bh5 7. c4 Qd7 8. O-O Bxf3 9. Bxf3 Nxd4 10. Bxb7 Rb8 11.
Bf3 e6 12. Be3 Bc5 13. Nc3 O-O 14. b3 Rfd8 15. Rc1 Qe7 16. Bxd4 Bxd4 17. Qe2 Bxc3 18. Rxc3 c5 19. Rd1 h6 20. Rcd3 Qc7 21. Qd2 Rxd3 22.
Qxd3 g6 23. Qd6 Rc8 24. g3 Kg7 25. Qa6 Nd7 26. h4 Ne5 27. Bg2 h5 28. Qb7 Qxb7 29. Bxb7 Rc7 30. Bg2 Kf6 31. Rd6 Ke7 32. Rd1 Rd7 33.
Rxd7+ Kxd7 34. Bh1 Nd3 35. Be4 Nc1 36. Bb1 Ne2+ 37.
Kf1 Nc3 38. Bd3 Nxa2 39. Ke1 Nb4 40. Be4 a5 41. Kd2 Nc6 42. Kc3 Nd4 43. Bg2 Kd6 44.
Be4 Ke5 45. Bb7 f5 46. Ba8 Kf6 47. Bb7 g5 48. Ba8 g4 49. Bb7 e5 50. Bd5 f4 51.
Be4 fxg3 52. fxg3 Ne2+ 53. Kd3 Nxg3 54. Bc6 Nf5 55. Be8 Nxh4 56. Bxh5 Kg5 57. Be8 Kf4 58. Bc6 Nf3 59. Ba8 g3 60. Ke2 g2 0-1

[Event "*** SCC Grand Prix: Titled Tuesday Blitz"]
[Site "Chess.com"]
[Date "2020.07.14"]
[Round "4"]
[White "EvgenyRomanov"]
[Black "doctorcristian"]
[Result "1-0"]
[WhiteElo "2603"]
[BlackElo "2397"]
[TimeControl "180+1"]
[EndTime "10:38:24 PDT"]
[Termination "EvgenyRomanov won on time"]

1. b3 Nf6 2. Bb2 e6 3. Nf3 b6 4. e3 Bb7 5. d4 c5 6. Bd3 Nc6 7. O-O Be7 8. Nbd2 O-O 9. a3 d6 10. Qe2 Qc7 11. Rad1 Rfe8 12. dxc5 dxc5 13. e4 e5 14. c3 Nh5 15. g3 g6 16. Nc4 Rad8 17. Ne3 Na5 18. b4 cxb4 19. axb4 Nc6 20. Nd5 Qc8 21.
b5 Na5 22. c4 f6 23. Nd2 Bc5 24. Kh1 Qh3 25. Rg1 Bxd5 26. exd5 f5 27. Qe1 e4 28. Bf1 Qg4 29. Be2 Qh3 30. Nf1 1-0

[Event "*** SCC Grand Prix: Titled Tuesday Blitz"]
[Site "Chess.com"]
[Date "2020.07.14"]
[Round "4"]
[White "dodorox"]
[Black "sorito"]
[Result "0-1"]
[WhiteElo "2133"]
[BlackElo "2442"]
[TimeControl "180+1"]
[EndTime "10:38:25 PDT"]
[Termination "sorito won on time"]

1. d4 b6 2. c4 Bb7 3. Nc3 e6 4. e4 Bb4 5. Bd3 f5 6. Qe2 Nf6 7. Bg5 fxe4 8. Bxe4 Bxe4 9. Bxf6 Qxf6 10. Qxe4 Nc6 11. Nf3 O-O 12. O-O Bxc3 13. bxc3 Qf5 14. Qxf5 Rxf5 15. Nd2 Raf8 16. f3 e5 17. Nb3 d6 18. Rad1 h5 19. Rd2 g5 20. Rdd1 Kg7 21.
d5 Nb8 22. Nd2 Nd7 23. Ne4 Kg6 24. a4 a5 25. h3 Rf4 26. Rde1 g4 27. fxg4 hxg4 28.
hxg4 Rxg4 29. Rxf8 Nxf8 30. Re3 Nd7 31. Kf2 Nf6 32. Kf3 Rf4+ 0-1

[Event "*** SCC Grand Prix: Titled Tuesday Blitz"]
[Site "Chess.com"]
[Date "2020.07.14"]
[Round "4"]
[White "random_mango"]
[Black "gixfantastix"]
[Result "1-0"]
[WhiteElo "2363"]
[BlackElo "2105"]
[TimeControl "180+1"]
[EndTime "10:38:25 PDT"]
[Termination "random_mango won by checkmate"]

1. e4 Nf6 2. e5 Ne4 3. d3 Nc5 4. d4 Nca6 5. f4 d5 6. Nf3 Bf5 7. Bd3 Bxd3 8. Qxd3 c5 9. c3 e6 10. O-O Nc6 11. a3 Be7 12. b4 cxd4 13. cxd4 Nc7 14.
Nbd2 g6 15. Bb2 O-O 16. g3 b5 17. h4 a5 18. Rac1 Qd7 19. Qc2 Ra6 20. bxa5 Rc8 21. h5 Nxa5 22. hxg6 hxg6 23. Kg2 Nc4 24. Nxc4 bxc4 25.
Rh1 Bxa3 26. Bxa3 Rxa3 27. Rh6 Rca8 28. Rch1 Kf8 29. Rh8+ Ke7 30. Rxa8 Nxa8 31. Rh7 Kf8 32. Ng5 Qa4 33. Rxf7+ Ke8 34. Qxg6 Ra2+ 35. Kh3 Qd1 36. Qxe6+ Kd8 37. Qd7# 1-0

[Event "*** SCC Grand Prix: Titled Tuesday Blitz"]
[Site "Chess.com"]
[Date "2020.07.14"]
[Round "4"]
[White "LawrenceTrent"]
[Black "TimofeevAr"]
[Result "0-1"]
[WhiteElo "2510"]
[BlackElo "2786"]
[TimeControl "180+1"]
[EndTime "10:38:26 PDT"]
[Termination "TimofeevAr won by resignation"]

1. d4 d5 2. Nc3 Nf6 3. Bf4 a6 4. e3 e6 5. g4 c5 6. g5 Nfd7 7. Nf3 Nc6 8. h4 b5 9. Bg2 Bb7 10. a3 Nb6 11. b3 Bd6 12. Ne2 Qe7 13. Bxd6 Qxd6 14. Qd2 O-O-O 15. Qc3 c4 16. Ne5 Rhf8 17.
Nxc6 Bxc6 18. Qb4 Kc7 19. f4 Ra8 20. Qxd6+ Kxd6 21. Ng3 a5 22. O-O g6 23. h5 Rfc8 24.
e4 cxb3 25. cxb3 Bd7 26. f5 Rc3 27. Kh2 gxf5 28. exf5 Rg8 29. g6 hxg6 30. hxg6 fxg6 31. f6 Rh8+ 32. Bh3 e5 33. dxe5+ Kxe5 34. Rae1+ Kd6 35. f7 Rxh3+ 36. Kg2 Rcxg3+ 37. Kf2 Rf3+ 38. Kg2 Rhg3+ 39. Kh2 Rxf7 40. Rxf7 Rxb3 41. Rf6+ Kc5 42. Rxg6 Rxa3 0-1

[Event "*** SCC Grand Prix: Titled Tuesday Blitz"]
[Site "Chess.com"]
[Date "2020.07.14"]
[Round "4"]
[White "barriochess"]
[Black "MashaFromRussia"]
[Result "1-0"]
[WhiteElo "2300"]
[BlackElo "2431"]
[TimeControl "180+1"]
[EndTime "10:38:26 PDT"]
[Termination "barriochess won by resignation"]

1. d4 Nf6 2. c4 g6 3. Nc3 Bg7 4. e4 d6 5. f4 O-O 6. Nf3 c5 7. d5 e6 8. Be2 exd5 9. cxd5 Re8 10. e5 dxe5 11. fxe5 Ng4 12. e6 fxe6 13. d6 Nc6 14.
O-O Nd4 15. Ne4 b6 16. Nxd4 Bxd4+ 17. Qxd4 cxd4 18. Bxg4 e5 19. d7 Bxd7 20. Bxd7 Rf8 21. Rxf8+ Qxf8 22. Be6+ Kg7 23. Bg5 Qb4 24. Rf1 Rf8 25.
Bf6+ Kh6 26. a3 Qxb2 27. g4 d3 28. Rf3 Qc1+ 29. Kg2 Rxf6 30. g5+ Qxg5+ 31. Nxg5 Kxg5 32. h4+ Kxh4 33. Rxf6 e4 34. Kf2 1-0

[Event "*** SCC Grand Prix: Titled Tuesday Blitz"]
[Site "Chess.com"]
[Date "2020.07.14"]
[Round "4"]
[White "mishikomchedlishvili"]
[Black "Parhamov"]
[Result "0-1"]
[WhiteElo "2758"]
[BlackElo "3017"]
[TimeControl "180+1"]
[EndTime "10:38:27 PDT"]
[Termination "Parhamov won by resignation"]

1. d4 Nf6 2. Bg5 d5 3. e3 c5 4. Bxf6 gxf6 5. dxc5 e6 6. Nf3 Nc6 7. Be2 Bxc5 8. O-O Qe7 9. c4 dxc4 10. Qa4 Bd7 11. Qxc4 O-O 12. Nc3 Bb6 13. Rfd1 Rfd8 14. Qh4 f5 15. Ng5 f6 16. Nh3 Be8 17. Nf4 Bf7 18. Bh5 Rxd1+ 19. Rxd1 Rd8 20. Bxf7+ Qxf7 21. Rxd8+ Bxd8 22. h3 Be7 23. a3 a6 24. Qg3+ Kf8 25.
Qf3 Bd6 26. Nd3 Ke7 27. Qd1 Qe8 28. Ne2 Qd7 29. Qb3 Ne5 30. Ndf4 Ng6 31. Nd3 Ne5 32.
Nef4 Nxd3 33. Nxd3 Qc6 34. Ne1 b5 35. Nf3 Qc1+ 36.
Qd1 0-1

[Event "*** SCC Grand Prix: Titled Tuesday Blitz"]
[Site "Chess.com"]
[Date "2020.07.14"]
[Round "4"]
[White "Azoulas1"]
[Black "Sam_ChessMood"]
[Result "0-1"]
[WhiteElo "2026"]
[BlackElo "2804"]
[TimeControl "180+1"]
[EndTime "10:38:30 PDT"]
[Termination "Sam_ChessMood won by resignation"]

1. e4 e5 2. Nf3 d6 3. d4 exd4 4. Qxd4 Nc6 5. Bb5 Bd7 6. Bxc6 Bxc6 7. O-O Nf6 8. Re1 Be7 9. c4 O-O 10. Nc3 Nd7 11. Bf4 Bf6 12. Qd2 Bxc3 13. Qxc3 Re8 14. Qd3 Nc5 15. Qd4 Nxe4 16. Rad1 Qf6 17. Qxf6 Nxf6 18. Rxe8+ Rxe8 19. Nd4 Bd7 20. f3 h6 21.
b4 b6 22. a3 Ra8 23. Rc1 a5 24. b5 Re8 25. Kf2 Be6 26. g4 Nd7 27. Nb3 f6 28.
Bg3 Bf7 29. h3 g5 30. Nd4 Nc5 31. Rc3 Bg6 32. h4 Kf7 33. h5 Bh7 34. f4 Ne4+ 0-1

[Event "*** SCC Grand Prix: Titled Tuesday Blitz"]
[Site "Chess.com"]
[Date "2020.07.14"]
[Round "4"]
[White "doons21"]
[Black "TigrVShlyape"]
[Result "0-1"]
[WhiteElo "2638"]
[BlackElo "2872"]
[TimeControl "180+1"]
[EndTime "10:38:33 PDT"]
[Termination "TigrVShlyape won by resignation"]

1. e4 e5 2. Nf3 Nc6 3. Nc3 Nf6 4. g3 Bc5 5. Bg2 d6 6. d3 a6 7. h3 h6 8. Be3 Bxe3 9. fxe3 Ne7 10. d4 Ng6 11. Qd2 Be6 12. a4 a5 13. O-O-O Qe7 14. b3 Bd7 15. Rhe1 Bc6 16. Nh2 O-O 17. Kb2 b6 18.
Re2 Rfb8 19. Ra1 b5 20. axb5 Bxb5 21. Rf2 Bc6 22. Kc1 Nf8 23. Nd5 Bxd5 24. exd5 N8d7 25. Rxa5 Rxa5 26. Qxa5 exd4 27. exd4 Qe3+ 28. Qd2 Qxg3 29. Nf1 Qh4 30. Kb2 Nb6 31. Ne3 Qg5 32. Qd3 Qxe3 0-1

[Event "*** SCC Grand Prix: Titled Tuesday Blitz"]
[Site "Chess.com"]
[Date "2020.07.14"]
[Round "4"]
[White "ValentinDragnev"]
[Black "Shuvalov"]
[Result "1-0"]
[WhiteElo "2706"]
[BlackElo "2487"]
[TimeControl "180+1"]
[EndTime "10:38:34 PDT"]
[Termination "ValentinDragnev won by resignation"]

1. c4 Nf6 2. g3 c6 3. Bg2 d5 4. cxd5 cxd5 5. d4 Nc6 6. Nc3 g6 7. Nf3 Bg7 8. Ne5 e6 9. Nxc6 bxc6 10. O-O O-O 11. Na4 Nd7 12. b3 c5 13. Bb2 cxd4 14.
Bxd4 Bxd4 15. Qxd4 Ba6 16. Rfe1 Rc8 17. Qxa7 Bb5 18.
Qd4 Rc2 19. Nc3 Qa5 20. b4 Qa6 21. a4 Bc4 22. Rec1 Rxc1+ 23. Rxc1 Rb8 24. b5 Qa5 25. e4 e5 26. Qd1 d4 27. Nd5 Bxd5 28. exd5 Nb6 29.
d6 Rd8 30. Qe2 Rxd6 31. Qxe5 Qd2 32. Qxd6 Qxc1+ 33. Bf1 Nxa4 34. Qd8+ Kg7 35. Qxd4+ Kg8 36. Qxa4 1-0

[Event "*** SCC Grand Prix: Titled Tuesday Blitz"]
[Site "Chess.com"]
[Date "2020.07.14"]
[Round "4"]
[White "oskariot"]
[Black "NemtsevIgor"]
[Result "1-0"]
[WhiteElo "2642"]
[BlackElo "2336"]
[TimeControl "180+1"]
[EndTime "10:38:34 PDT"]
[Termination "oskariot won by checkmate"]

1. g3 g6 2. Bg2 Bg7 3. a4 e5 4. a5 a6 5. Ra3 Ne7 6. h4 O-O 7. h5 d5 8. h6 Bh8 9. d3 Nbc6 10. c3 f5 11. Nh3 e4 12. d4 Bf6 13. Nd2 e3 14.
Nf3 exf2+ 15. Kxf2 Kh8 16. Nhg5 Ng8 17. Bf4 Qe7 18. c4 dxc4 19. Re3 Qd8 20. d5 Nce7 21. Ne5 Qe8 22. d6 cxd6 23. Qxd6 c3 24. bxc3 Ra7 25. Qb6 Ra8 26. Qd6 Ra7 27. Bd5 Nxd5 28. Qxf8 Qxf8 29. Nef7+ Qxf7 30. Nxf7# 1-0

[Event "*** SCC Grand Prix: Titled Tuesday Blitz"]
[Site "Chess.com"]
[Date "2020.07.14"]
[Round "4"]
[White "AleksanderHnydiuk"]
[Black "Fischerev7"]
[Result "0-1"]
[WhiteElo "2572"]
[BlackElo "2372"]
[TimeControl "180+1"]
[EndTime "10:38:35 PDT"]
[Termination "Fischerev7 won by resignation"]

1. d4 Nf6 2. c4 c5 3. Nf3 e6 4.
g3 cxd4 5. Nxd4 Nc6 6. Nc3 a6 7.
Bg2 d5 8. cxd5 exd5 9. O-O Be7 10. Bf4 O-O 11. Rc1 Be6 12. Na4 Rc8 13. Nxc6 Rxc6 14.
Qd4 Qa5 15. Rxc6 bxc6 16. Rc1 c5 17. Nxc5 Bxc5 18. Qxc5 Qxa2 19. Bd6 Re8 20. Be5 Ne4 21. Qc6 Rf8 22. Bd4 h6 23. h3 Rc8 24. Qxc8+ Bxc8 25. Rxc8+ Kh7 26. Rc7 Kg6 27. h4 h5 28. Rc6+ f6 29. Bh3 Qa4 30. Bd7 Qxd4 31. Be8+ Kh6 0-1

[Event "*** SCC Grand Prix: Titled Tuesday Blitz"]
[Site "Chess.com"]
[Date "2020.07.14"]
[Round "4"]
[White "mjray79"]
[Black "Sergey85Rodchenkov"]
[Result "0-1"]
[WhiteElo "2340"]
[BlackElo "2523"]
[TimeControl "180+1"]
[EndTime "10:38:36 PDT"]
[Termination "Sergey85Rodchenkov won by resignation"]

1. d4 Nf6 2. c4 e6 3. g3 d5 4.
Bg2 Be7 5. Nf3 O-O 6. O-O b6 7. cxd5 exd5 8. Nc3 Bb7 9. Bf4 Na6 10. Rc1 Re8 11. Ne5 Bf8 12. Nb5 c5 13. dxc5 bxc5 14.
Nf3 Qb6 15. a4 Rac8 16. Be5 Ne4 17. Nc3 Nb4 18. Bf4 d4 19. Nxe4 Bxe4 20. Nd2 Bxg2 21.
Kxg2 Qe6 22. Re1 h6 23. Nc4 Rcd8 24. Bd2 Nd5 25. Qc2 Rb8 26. Qd3 Nb4 27. Bxb4 Rxb4 28.
e3 Qc6+ 29. Kg1 Qxa4 30. exd4 Rxe1+ 31. Rxe1 Rxc4 32. b3 Qb4 33. Re8 Rc1+ 34. Kg2 Qxd4 35. Qf5 Rd1 36. Qc8 Qd5+ 37. Kh3 Qd7+ 0-1

[Event "*** SCC Grand Prix: Titled Tuesday Blitz"]
[Site "Chess.com"]
[Date "2020.07.14"]
[Round "4"]
[White "ElCoachRene"]
[Black "Barmen_EV"]
[Result "0-1"]
[WhiteElo "2197"]
[BlackElo "2429"]
[TimeControl "180+1"]
[EndTime "10:38:36 PDT"]
[Termination "Barmen_EV won on time"]

1. d4 Nf6 2. Bf4 d5 3. e3 c5 4. c3 Nc6 5. Bd3 Bg4 6. f3 Bh5 7. Nd2 e6 8. Ne2 Bd6 9. Bg3 g5 10. O-O Bg6 11. Qc2 c4 12. Bxg6 hxg6 13. b3 cxb3 14. axb3 g4 15. e4 gxf3 16. Rxf3 Bxg3 17. Nxg3 Ng4 18. h3 Rc8 19. hxg4 Nxd4 20. Qd3 Nxf3+ 21. Qxf3 Qb6+ 22. Qf2 dxe4 23. Ndxe4 Ke7 24. Qxb6 axb6 25. Ra7 Rc7 26. c4 f5 27. gxf5 gxf5 28. Ng5 Rg8 29. Nxf5+ exf5 30. Nf3 Kf6 31. Nd4 Rcg7 32.
Nb5 Rxg2+ 33. Kf1 R2g7 34. Nd4 f4 0-1

[Event "*** SCC Grand Prix: Titled Tuesday Blitz"]
[Site "Chess.com"]
[Date "2020.07.14"]
[Round "4"]
[White "WiktoriaPOL"]
[Black "N00bM3ster"]
[Result "0-1"]
[WhiteElo "1898"]
[BlackElo "2812"]
[TimeControl "180+1"]
[EndTime "10:38:36 PDT"]
[Termination "N00bM3ster won by checkmate"]

1. c4 e5 2. Nc3 Nf6 3. Nf3 Nc6 4. e4 Bc5 5. Nxe5 Nxe5 6. d4 Bd6 7. c5 Ng6 8. cxd6 cxd6 9. Bd3 Qe7 10. Qe2 O-O 11. O-O b6 12. Bg5 h6 13. Nd5 Nxd5 14. Bxe7 Ndxe7 15. f4 f5 16. e5 dxe5 17. dxe5 Bb7 18. Bc4+ Kh7 19. Rac1 Rac8 20. g3 Rfd8 21. Rfd1 Rc5 22. b4 Rcc8 23. Rd6 b5 24. Rcd1 Rxc4 25. Rxd7 Rxd7 26. Rxd7 Be4 27. a3 Nd5 28. Qd2 Nge7 29. Rxa7 Rc2 30. Qd1 Rg2+ 31. Kf1 Ne3+ 32. Ke1 Nxd1 33.
Kxd1 Nd5 34. Ra5 Nc3+ 35. Kc1 Rc2# 0-1

[Event "*** SCC Grand Prix: Titled Tuesday Blitz"]
[Site "Chess.com"]
[Date "2020.07.14"]
[Round "4"]
[White "VerdeNotte"]
[Black "maximnovik"]
[Result "1-0"]
[WhiteElo "2788"]
[BlackElo "2511"]
[TimeControl "180+1"]
[EndTime "10:38:37 PDT"]
[Termination "VerdeNotte won on time"]

1. e4 c6 2. d4 d5 3. e5 Bf5 4.
h4 h6 5. Bd3 Bxd3 6. cxd3 e6 7.
Nc3 h5 8. Nf3 Nh6 9. Bxh6 Rxh6 10.
O-O Be7 11. g3 Nd7 12. Ne2 g5 13. Qd2 Rg6 14. hxg5 Bxg5 15. Nxg5 Qxg5 16. Qxg5 Rxg5 17. f4 Rg7 18. Kf2 Ke7 19. Rh1 Rh8 20. Rh3 c5 21.
Rah1 cxd4 22. Nxd4 Nc5 23. Ke3 Rhg8 24. Ne2 h4 25.
gxh4 Rg2 26. R1h2 Rxh2 27. Rxh2 f6 28. h5 fxe5 29. fxe5 Nd7 30. d4 Nf8 31. Nf4 Rg3+ 32. Kf2 Rg4 33. Kf3 Rg1 34. Rg2 Rf1+ 35. Ke3 Kf7 36.
h6 Rh1 37. Rg7+ Ke8 38. Rxb7 Rxh6 39. Rxa7 Rh2 40. Rb7 Kd8 41. a4 Kc8 42. Rb6 Kc7 43.
a5 Rh1 44. Nxe6+ Nxe6 45. Rxe6 Ra1 46. a6 Ra2 47. a7 Rxa7 48. Re7+ 1-0

[Event "*** SCC Grand Prix: Titled Tuesday Blitz"]
[Site "Chess.com"]
[Date "2020.07.14"]
[Round "4"]
[White "Pavel_Mir"]
[Black "Klavdia_Nik"]
[Result "1-0"]
[WhiteElo "2359"]
[BlackElo "2067"]
[TimeControl "180+1"]
[EndTime "10:38:37 PDT"]
[Termination "Pavel_Mir won on time"]

1. e4 c5 2. Nf3 d6 3. d4 cxd4 4. Nxd4 Nf6 5. Nc3 a6 6. f4 Qc7 7. Bd3 g6 8. O-O Bg7 9. Kh1 O-O 10. Nf3 Nbd7 11. Qe1 Nc5 12. e5 Nxd3 13. cxd3 dxe5 14. fxe5 Ng4 15. d4 h5 16. Bg5 f6 17. Bf4 Qd8 18. Rd1 b5 19. h3 Nh6 20. Qg3 Kh7 21. Bxh6 Bxh6 22. Nh4 Rg8 23. Ne4 g5 24. exf6 gxh4 25. Qxh4 Qd5 26. fxe7 1-0

[Event "*** SCC Grand Prix: Titled Tuesday Blitz"]
[Site "Chess.com"]
[Date "2020.07.14"]
[Round "4"]
[White "jannat65"]
[Black "isainz"]
[Result "1-0"]
[WhiteElo "1819"]
[BlackElo "2140"]
[TimeControl "180+1"]
[EndTime "10:38:38 PDT"]
[Termination "jannat65 won on time"]

1. e4 c5 2. Nf3 Nc6 3. d4 cxd4 4.
Nxd4 Nf6 5. Nc3 e5 6. Ndb5 d6 7.
Bg5 a6 8. Na3 b5 9. Nd5 Be7 10. Bxf6 Bxf6 11. c3 Bg5 12. Nc2 Ne7 13. Ncb4 O-O 14. Nxe7+ Qxe7 15. Nd5 Qb7 16. Be2 Be6 17. O-O f5 18. f3 f4 19. Kh1 Qf7 20. c4 Qh5 21. Qe1 Bxd5 22. cxd5 Rf6 23. Qf2 Rh6 24.
Qg1 Bh4 25. h3 Rf8 26. Rac1 Rg6 27. g4 fxg3 28. Qg2 Bg5 29. Rc7 Bf4 30. Rg1 Rh6 31.
Bf1 g6 32. Ra7 Rf7 33. Ra8+ Kg7 34. Rxa6 Qg5 35. Rxd6 1-0

[Event "*** SCC Grand Prix: Titled Tuesday Blitz"]
[Site "Chess.com"]
[Date "2020.07.14"]
[Round "4"]
[White "Oneofmyturns"]
[Black "SergeyKarjakin"]
[Result "1/2-1/2"]
[WhiteElo "2704"]
[BlackElo "2960"]
[TimeControl "180+1"]
[EndTime "10:38:39 PDT"]
[Termination "Game drawn by repetition"]

1. d4 Nf6 2. c4 e6 3. Nc3 Bb4 4. Qc2 d5 5. cxd5 exd5 6. Bg5 h6 7.
Bh4 O-O 8. e3 c6 9. Bd3 Re8 10.
Nf3 Be7 11. Bg3 Nbd7 12. O-O Nh5 13. Nxd5 Nxg3 14. Nxe7+ Qxe7 15. hxg3 Nf6 16. Ne5 Ng4 17. Nxg4 Bxg4 18. Bf5 Qg5 19. Bxg4 Qxg4 20. b4 Rad8 21. Rfc1 Rd5 22. Qd1 Qd7 23. Rc5 Rd6 24. a4 a6 25.
Rb1 g6 26. Qd2 h5 27. b5 cxb5 28. axb5 b6 29. Rc4 a5 30. Qc2 Qg4 31. Rc6 Red8 32. Rc1 Kg7 33. Qc3 Kh7 34. Rxd6 Rxd6 35. Qc7 Rf6 36. Qd8 Qf5 37. f4 h4 38. Rc8 Qb1+ 39. Kh2 hxg3+ 40. Kh3 Qh1+ 41. Kxg3 Qe1+ 42. Kf3 Qf1+ 43.
Kg3 Qe1+ 44. Kf3 Qf1+ 45. Kg3 Qe1+ 1/2-1/2

[Event "*** SCC Grand Prix: Titled Tuesday Blitz"]
[Site "Chess.com"]
[Date "2020.07.14"]
[Round "4"]
[White "KejJaj"]
[Black "awesomevishesh"]
[Result "0-1"]
[WhiteElo "2033"]
[BlackElo "2353"]
[TimeControl "180+1"]
[EndTime "10:38:39 PDT"]
[Termination "awesomevishesh won by resignation"]

1. d4 Nf6 2. Bf4 g6 3. Nc3 d5 4. e3 Bg7 5. h4 h5 6. Nf3 c6 7.
Ne5 Nbd7 8. Be2 O-O 9. f3 Nxe5 10.
Bxe5 b5 11. g4 b4 12. Na4 hxg4 13. fxg4 Ne4 14. Bxg7 Kxg7 15. h5 Qd6 16. Rh3 Qf6 17. Rh2 gxh5 18. Qd3 hxg4 19. O-O-O g3 20. Rh4 Qxh4 21.
Nc5 Nf2 22. Qd2 Nxd1 23. Bxd1 Qh2 24. Qd3 g2 25. e4 g1=Q 26. exd5 cxd5 27. Nb3 Qf4+ 28.
Nd2 Bf5 29. Qb3 Qe1 0-1

[Event "*** SCC Grand Prix: Titled Tuesday Blitz"]
[Site "Chess.com"]
[Date "2020.07.14"]
[Round "4"]
[White "Alexandercs432"]
[Black "sea-needle"]
[Result "0-1"]
[WhiteElo "2089"]
[BlackElo "2318"]
[TimeControl "180+1"]
[EndTime "10:38:39 PDT"]
[Termination "sea-needle won by resignation"]

1. e4 c5 2. Nf3 Nc6 3. d4 cxd4 4. Nxd4 Nf6 5. Nc3 d6 6. Bg5 Bd7 7. Bb5 a6 8. Bxc6 bxc6 9. Qf3 Qb6 10. Nb3 a5 11. a4 Be6 12. Be3 Qb4 13. e5 Nd5 14.
Bd2 Qb6 15. exd6 Nb4 16. Nb5 exd6 17. Bxb4 axb4 18. Rd1 Rxa4 19. Nxd6+ Bxd6 20. Rxd6 O-O 21. O-O Rc8 22. Rfd1 Raa8 23. Qd3 Bd5 24. Qg3 Qc7 25.
Nc5 Qe7 26. Nd3 b3 27. cxb3 Rab8 28. h3 Rxb3 29. Nc5 Rxb2 30. Kh2 h6 31. Nd3 Rb3 32. Nc5 Rxg3 0-1

[Event "*** SCC Grand Prix: Titled Tuesday Blitz"]
[Site "Chess.com"]
[Date "2020.07.14"]
[Round "4"]
[White "GMCarbone"]
[Black "rududuyk"]
[Result "1-0"]
[WhiteElo "2296"]
[BlackElo "2068"]
[TimeControl "180+1"]
[EndTime "10:38:39 PDT"]
[Termination "GMCarbone won on time"]

1. d4 e6 2. c4 f5 3. g3 Nf6 4. Bg2 Be7 5. Nf3 O-O 6. O-O d6 7. Nc3 Ne4 8. Qc2 Nxc3 9. Qxc3 a5 10. Rd1 Bf6 11. Qc2 Qe8 12. e4 e5 13. dxe5 dxe5 14.
exf5 Nc6 15. Qe4 Qh5 16. g4 Qe8 17. g5 Bd8 18. Bh3 Kh8 19. Be3 g6 20. Nh4 gxf5 21.
Bxf5 Bxf5 22. Nxf5 Qh5 23. Ng3 Qf7 24. Rd5 Qg7 25.
h4 Ra6 26. Rad1 Be7 27. Rd7 Nb4 28. Nh5 Qf7 29. Nf6 Qe6 30. Rxe7 Qxe7 31. Rd7 1-0

[Event "*** SCC Grand Prix: Titled Tuesday Blitz"]
[Site "Chess.com"]
[Date "2020.07.14"]
[Round "4"]
[White "econpower"]
[Black "Gabix_94"]
[Result "0-1"]
[WhiteElo "2671"]
[BlackElo "2907"]
[TimeControl "180+1"]
[EndTime "10:38:40 PDT"]
[Termination "Gabix_94 won by resignation"]

1. c4 Nf6 2. g3 g6 3. Bg2 Bg7 4. Nc3 O-O 5. e3 d6 6. Nge2 c5 7. O-O Nc6 8. a3 Bf5 9. d3 Qd7 10. Rb1 b6 11. b4 Rac8 12. b5 Ne5 13. e4 Bh3 14. f4 Bxg2 15. Kxg2 Neg4 16. h3 Nh6 17. f5 gxf5 18. Bxh6 Bxh6 19. Rxf5 Bg7 20. Qd2 e6 21. Rf3 Qd8 22. Qg5 Nd7 23. Qe3 Ne5 24.
Rf2 Kh8 25. Rbf1 Rg8 26. Ng1 Qe7 27. Nce2 Qb7 28. Kh2 Rcf8 29. Nf3 Qe7 30. Nxe5 Bxe5 31. Qh6 f6 32. Rf3 Rf7 33. Nf4 Rfg7 34. h4 Rg4 35. h5 Qg7 36. Qxg7+ R8xg7 37. Rg1 Bxf4 38. Rxf4 Rxf4 39. gxf4 Rxg1 40. Kxg1 Kg7 41. Kg2 Kh6 42. Kg3 Kxh5 43. Kh3 h6 44. Kg3 Kg6 45. Kg4 h5+ 46. Kh4 f5 47. Kg3 Kf6 48. Kh4 e5 0-1

[Event "*** SCC Grand Prix: Titled Tuesday Blitz"]
[Site "Chess.com"]
[Date "2020.07.14"]
[Round "4"]
[White "harlem4brew"]
[Black "MIJUAREZ"]
[Result "0-1"]
[WhiteElo "2110"]
[BlackElo "2383"]
[TimeControl "180+1"]
[EndTime "10:38:40 PDT"]
[Termination "MIJUAREZ won by resignation"]

1. e4 c5 2. Nf3 e6 3. d4 cxd4 4. Nxd4 a6 5. Nc3 Qc7 6. Be3 Nf6 7. f3 Bb4 8. Ne2 d5 9. a3 Bxc3+ 10. Nxc3 dxe4 11.
fxe4 e5 12. Be2 Be6 13. O-O O-O 14. Qe1 Qc6 15. Qg3 Nxe4 16. Nxe4 Qxe4 17. Bd3 Qg4 18.
Qxe5 Nc6 19. Qe4 Qxe4 20. Bxe4 Rfe8 21. Bxc6 bxc6 22. Bd4 Rad8 23. c3 Rd5 24. Rad1 Red8 25. b4 a5 26. Rde1 axb4 27. axb4 Rg5 28. Rd1 Bd5 29.
Rd2 Ra8 30. Be3 Rg6 31. Rfd1 h6 32. g3 Ra3 33. Bd4 h5 34. Re1 h4 35. Re3 Ra1+ 36. Kf2 Rh1 37. Ke2 Rxh2+ 38. Kd3 hxg3 39. Rd1 g2 40. c4 Rh1 41. Re8+ Kh7 42. Bg1 Rg3+ 43. Re3 Bxc4+ 44. Ke4 Bd5+ 45. Kf4 Rxe3 46. Kxe3 g5 47. b5 cxb5 48. Rxd5 Rxg1 49. Kf2 Rb1 50.
Kxg2 Kg6 51. Kf3 f6 52. Kg4 b4 53. Rb5 b3 54. Kf3 b2 55. Ke2 Rh1 0-1

[Event "*** SCC Grand Prix: Titled Tuesday Blitz"]
[Site "Chess.com"]
[Date "2020.07.14"]
[Round "4"]
[White "MateSchmate"]
[Black "Guenplen"]
[Result "0-1"]
[WhiteElo "2404"]
[BlackElo "2878"]
[TimeControl "180+1"]
[EndTime "10:38:42 PDT"]
[Termination "Guenplen won by checkmate"]

1. e4 c5 2. Nf3 e6 3. d4 cxd4 4. Nxd4 Nf6 5. Nc3 Nc6 6. g3 Bb4 7. Bg2 O-O 8. O-O d6 9. Be3 Ne5 10. Qe2 a6 11. Rad1 Qc7 12. Nb3 Bxc3 13. bxc3 Bd7 14.
Rfe1 Bb5 15. Qd2 Nc4 16. Qc1 Nxe3 17. Qxe3 e5 18. Rd2 Rac8 19. Rc1 Rfd8 20. f4 h5 21. h3 h4 22. fxe5 dxe5 23. Rcd1 Rxd2 24. Rxd2 hxg3 25. Qxg3 Nh5 26. Qg4 Nf4 27. Bf1 Qxc3 28. Bxb5 axb5 29. Rf2 Nxh3+ 30. Kg2 Nxf2 31. Kxf2 Qxc2+ 32. Kg3 Rc3+ 33. Kh4 Qh2+ 34. Kg5 Qh6+ 35. Kf5 Qf6# 0-1

[Event "*** SCC Grand Prix: Titled Tuesday Blitz"]
[Site "Chess.com"]
[Date "2020.07.14"]
[Round "4"]
[White "Manukyan_Artak"]
[Black "Margarita2907"]
[Result "1-0"]
[WhiteElo "2365"]
[BlackElo "2096"]
[TimeControl "180+1"]
[EndTime "10:38:42 PDT"]
[Termination "Manukyan_Artak won on time"]

1. e4 c5 2. Nf3 d6 3. Bb5+ Nd7 4. O-O Nf6 5. Re1 a6 6. Bd3 g6 7. c3 Bg7 8. Bc2 O-O 9. a4 b6 10. d4 cxd4 11. cxd4 Bb7 12. Nc3 e6 13. h3 Rc8 14.
Bf4 Ne8 15. Qd2 e5 16. dxe5 dxe5 17. Bg5 f6 18. Bb3+ Kh8 19. Bh6 Nc5 20. Bxg7+ Kxg7 21. Qc2 Nxb3 22. Qxb3 Nd6 23. Rad1 Qc7 24. Nd5 Bxd5 25.
Qxd5 Rfd8 26. Qe6 Qc5 27. Rd5 Qb4 28. Red1 Nf7 29. Rd7 Qf8 30. g4 Rxd7 31. Rxd7 Rc1+ 32. Kg2 Rc2 33. g5 1-0

[Event "*** SCC Grand Prix: Titled Tuesday Blitz"]
[Site "Chess.com"]
[Date "2020.07.14"]
[Round "4"]
[White "vanImpe"]
[Black "Raja3401"]
[Result "0-1"]
[WhiteElo "2511"]
[BlackElo "2773"]
[TimeControl "180+1"]
[EndTime "10:38:43 PDT"]
[Termination "Raja3401 won by checkmate"]

1. g3 e5 2. c4 Nf6 3. Bg2 c6 4. d4 exd4 5. Qxd4 d5 6. Nf3 Nbd7 7.
cxd5 Bc5 8. Qd2 Ne4 9. Qc2 Bxf2+ 10. Kf1 Ndf6 11. Ng5 Nxg5 12. Bxg5 Bb6 13. dxc6 Bf5 14. cxb7 Rb8 15. e4 Bd7 16. Nc3 O-O 17. e5 h6 18.
Bxf6 gxf6 19. Rd1 fxe5 20. Nd5 Bb5+ 21. Ke1 Rxb7 22. a4 Ba6 23. b4 Bd4 24. b5 Qa5+ 25. Qd2 Qxa4 26. bxa6 Rb2 27. Qxh6 Bf2+ 28. Kf1 Qxd1# 0-1